[Event "Late-Titled-Tuesday-Blitz-February-06-2024"]
[Site "Chess.com"]
[Date "2024.02.06"]
[Round "9"]
[White "ContrVersia"]
[Black "zverr1"]
[Result "1-0"]
[WhiteElo "2835"]
[BlackElo "2579"]
[TimeControl "180+1"]
[EndTime "15:43:10 PST"]
[Termination "ContrVersia won by checkmate"]

1. d4 Nf6 2. c4 g6 3. Nc3 d5 4. Nf3 Bg7 5. h4 c6 6. cxd5 cxd5 7. Bg5 Ne4 8. Qb3 Nxc3 9. bxc3 Nc6 10. e3 h6 11. Bf4 O-O 12. Bd3 Bg4 13. Qxb7 Bxf3 14.
Qxc6 Rc8 15. Qb7 Bxg2 16. Rg1 Qa5 17. Ke2 e5 18. Bxe5 Bxe5 19. Rxg2 Rb8 20. Qd7 Rb2+ 21.
Kf1 Qxc3 22. Bxg6 Rxf2+ 23. Rxf2 Qxa1+ 24. Kg2 fxg6 25. Qe6+ Kg7 26. Qe7+ Kh8 27. Rxf8# 1-0

[Event "Late-Titled-Tuesday-Blitz-February-06-2024"]
[Site "Chess.com"]
[Date "2024.02.06"]
[Round "9"]
[White "Englishman_18"]
[Black "Sanyura"]
[Result "1-0"]
[WhiteElo "2463"]
[BlackElo "2660"]
[TimeControl "180+1"]
[EndTime "15:43:11 PST"]
[Termination "Englishman_18 won by checkmate"]

1. Nf3 Nf6 2. c4 g6 3. g3 d6 4. d4 Bg7 5. Bg2 O-O 6. O-O Nbd7 7. Nc3 e5 8. e4 exd4 9. Nxd4 Nc5 10. Be3 Ng4 11. Qd2 Nxe3 12. Qxe3 Re8 13. Rae1 a5 14. Qd2 c6 15. h3 Ne6 16. Nc2 a4 17. Ne3 Qb6 18. Kh2 Qa5 19. Nc2 a3 20. b4 Qc7 21.
f4 Nf8 22. Nd4 Qb6 23. Nc2 Qa6 24. Qd3 Be6 25. Ne3 Rad8 26. f5 Bc8 27. f6 Bh8 28. Ned5 cxd5 29. Nxd5 Ne6 30. Qe3 b5 31. Qh6 Rf8 32.
Ne7# 1-0

[Event "Late-Titled-Tuesday-Blitz-February-06-2024"]
[Site "Chess.com"]
[Date "2024.02.06"]
[Round "9"]
[White "GAusal"]
[Black "gurudub"]
[Result "1-0"]
[WhiteElo "2281"]
[BlackElo "2103"]
[TimeControl "180+1"]
[EndTime "15:43:14 PST"]
[Termination "GAusal won on time"]

1. e4 c5 2. f4 d5 3. e5 Nc6 4. Nf3 Bg4 5. Be2 e6 6. h3 Bxf3 7. Bxf3 Qh4+ 8. Kf1 Qxf4 9. d3 Qxe5 10. c4 dxc4 11. Bxc6+ bxc6 12. Qf3 Rc8 13. dxc4 Nf6 14.
Nc3 Qd4 15. b3 Bd6 16. Bb2 Nh5 17. Qxh5 O-O 18. Rd1 Qf6+ 19. Qf3 Qxf3+ 20. gxf3 Be5 21. Na4 Bxb2 22. Nxb2 Rfd8 23. Ke2 Rd4 24. Rxd4 cxd4 25. Kd3 e5 26. h4 f5 27. Re1 Re8 28. Na4 Kf7 29. Nc5 Kf6 30. Nd7+ Ke7 31. Nxe5 1-0

[Event "Late-Titled-Tuesday-Blitz-February-06-2024"]
[Site "Chess.com"]
[Date "2024.02.06"]
[Round "9"]
[White "howitzer14"]
[Black "PNEPaul"]
[Result "1-0"]
[WhiteElo "2948"]
[BlackElo "1874"]
[TimeControl "180+1"]
[EndTime "15:43:15 PST"]
[Termination "howitzer14 won by resignation"]

1. Nc3 a6 2. g3 d6 3. Bg2 g6 4. d4 Bg7 5. e4 h6 6. Nge2 Nd7 7. Be3 e6 8. a4 Ne7 9. a5 O-O 10. Qd2 Kh7 11. O-O e5 12. h3 f5 13. Rad1 Qe8 14. f4 fxe4 15. fxe5 dxe5 16. Rxf8 Bxf8 17. Nxe4 Bg7 18. d5 Nf6 19. Nxf6+ Bxf6 20. Bxh6 Nf5 21. Bg5 Bg7 22. g4 Nd4 23. Ng3 Bd7 24. c3 Nb5 25. Ne4 Nd6 26. Nf6+ Bxf6 27. Bxf6 Qf7 28. Rf1 Bb5 29.
Rf2 Qg8 30. Qg5 Qe8 31. Qh4+ 1-0

[Event "Late-Titled-Tuesday-Blitz-February-06-2024"]
[Site "Chess.com"]
[Date "2024.02.06"]
[Round "9"]
[White "frequentblunders"]
[Black "smotherhubbard"]
[Result "1-0"]
[WhiteElo "2165"]
[BlackElo "2332"]
[TimeControl "180+1"]
[EndTime "15:43:16 PST"]
[Termination "frequentblunders won by resignation"]

1. d3 d5 2. f4 g6 3. Nf3 Bg7 4. g3 Nf6 5. Bg2 O-O 6. O-O c5 7. Nc3 Nc6 8. e4 dxe4 9. dxe4 e5 10. Be3 b6 11. Nxe5 Nxe5 12. fxe5 Ng4 13. Nd5 Bxe5 14. Bf4 Bd4+ 15. Kh1 Nf2+ 16. Rxf2 Bxf2 17. e5 Be6 18. Nf6+ Kg7 19. Qe2 Qd4 20. c3 Bc4 21. Qf3 Qd8 22. Qxf2 Rc8 23. Qe3 Kh8 24. Bh6 Qe7 25. Bxf8 Rxf8 26.
Qh6 1-0

[Event "Late-Titled-Tuesday-Blitz-February-06-2024"]
[Site "Chess.com"]
[Date "2024.02.06"]
[Round "9"]
[White "mjelcic"]
[Black "TheMagician"]
[Result "0-1"]
[WhiteElo "2201"]
[BlackElo "2173"]
[TimeControl "180+1"]
[EndTime "15:43:22 PST"]
[Termination "TheMagician won by resignation"]

1. d4 Nf6 2. Nf3 d5 3. c4 e6 4.
e3 Be7 5. Nc3 O-O 6. Bd3 dxc4 7.
Bxc4 a6 8. O-O b5 9. Bb3 c5 10. dxc5 Qxd1 11. Rxd1 Bxc5 12. a4 b4 13. Ne2 Nc6 14.
Bd2 Na5 15. Bc2 Bb7 16. Ned4 Rfd8 17. Be1 Be4 18. Bxe4 Nxe4 19. Rac1 Bf8 20. Ne5 f6 21. Nec6 Nxc6 22. Nxc6 Rxd1 23. Rxd1 a5 24. Rd8 Ra6 25. Nb8 Rd6 26. Nd7 Rxd7 27. Rxd7 Nc5 28. Ra7 Nxa4 29. b3 Nc5 30. Rxa5 Nxb3 31. Rb5 Kf7 32.
Rb7+ Kg6 33. Bxb4 Bxb4 34. Rxb4 Nc5 35. Rc4 Nd7 36. Rc7 Nf8 37. h4 h5 38. f3 e5 39. Kf2 Ne6 40. Re7 Nc5 41. g4 hxg4 42. fxg4 Ne4+ 43. Kf3 Nd2+ 44. Kg2 Nc4 45. h5+ Kh6 46.
Kf3 Nd2+ 47. Ke2 Ne4 48. Ra7 g6 49. Ra8 gxh5 50. Rh8+ Kg7 51. gxh5 Kxh8 0-1

[Event "Late-Titled-Tuesday-Blitz-February-06-2024"]
[Site "Chess.com"]
[Date "2024.02.06"]
[Round "9"]
[White "chenxiaoyuer"]
[Black "manitodeplomo"]
[Result "0-1"]
[WhiteElo "2748"]
[BlackElo "2639"]
[TimeControl "180+1"]
[EndTime "15:43:24 PST"]
[Termination "manitodeplomo won by checkmate"]

1. e4 c5 2. Nf3 e6 3. d4 cxd4 4. Nxd4 a6 5. Nc3 b5 6. Bd3 Qb6 7. Nb3 Qc7 8. O-O Nf6 9. Qe2 d6 10. f4 Be7 11. Bd2 Nbd7 12. Rae1 b4 13. Nd1 a5 14.
Nd4 O-O 15. e5 dxe5 16. fxe5 Bc5 17. c3 bxc3 18. bxc3 Nd5 19. Qe4 f5 20. exf6 N7xf6 21. Qe2 Bd7 22. Kh1 Rae8 23. Ne3 Nf4 24. Rxf4 Qxf4 25.
Nef5 Qc7 26. Ng3 Nd5 27. Ne4 Bxd4 28. cxd4 Nf4 29. Bxf4 Qxf4 30. Qh5 Bc6 31. Nd6 Bxg2+ 32. Kxg2 Qf2+ 33. Kh3 Rf3+ 34. Kg4 Qg2+ 35. Kh4 Rh3# 0-1

[Event "Late-Titled-Tuesday-Blitz-February-06-2024"]
[Site "Chess.com"]
[Date "2024.02.06"]
[Round "9"]
[White "picturesquecheck"]
[Black "Kostukov_Alex"]
[Result "1-0"]
[WhiteElo "2393"]
[BlackElo "2282"]
[TimeControl "180+1"]
[EndTime "15:43:25 PST"]
[Termination "picturesquecheck won on time"]

1. Nf3 g6 2. e4 c5 3. d4 cxd4 4. Nxd4 Bg7 5. Nc3 Nc6 6. Be3 Nf6 7. Bc4 O-O 8. Bb3 a5 9. O-O a4 10. Nxa4 Nxe4 11. Nb5 d5 12. Qe2 e5 13. Nb6 Ra5 14.
Nxd5 Qh4 15. Rad1 Kh8 16. f3 Nf6 17. Nxf6 Bxf6 18. Nd6 Kg7 19. Nxc8 Rxc8 20. Rd7 Ne7 21. Rxb7 Raa8 22. Bf2 Qf4 23. Rd1 Rab8 24. Ra7 h5 25. g3 Qf5 26. Rdd7 Re8 27. Qe4 Qg5 28. Be3 Qf5 29.
Qxf5 gxf5 30. Bc5 1-0

[Event "Late-Titled-Tuesday-Blitz-February-06-2024"]
[Site "Chess.com"]
[Date "2024.02.06"]
[Round "9"]
[White "ChristopherYoo"]
[Black "alexrustemov"]
[Result "1-0"]
[WhiteElo "2996"]
[BlackElo "2785"]
[TimeControl "180+1"]
[EndTime "15:43:26 PST"]
[Termination "ChristopherYoo won by checkmate"]

1. e4 e6 2. d3 c5 3. Nd2 Nc6 4. Ngf3 g6 5. g3 Bg7 6. Bg2 Nge7 7. O-O d6 8. c3 e5 9. a3 a5 10. a4 h6 11. Nc4 O-O 12. Re1 Be6 13. Nfd2 Rb8 14. Ne3 d5 15. exd5 Nxd5 16. Ndc4 f5 17. h4 Rf7 18. h5 g5 19. g4 Nf4 20. gxf5 Bxf5 21. Nxf5 Rxf5 22. Bxf4 gxf4 23. Be4 Rg5+ 24. Kf1 Ne7 25. Qf3 b6 26. Ke2 Nc8 27. Rg1 Nd6 28.
Rxg5 hxg5 29. h6 Bf6 30. Qh5 Nxc4 31. Qg6+ Kf8 32. dxc4 Qe7 33. Bd5 Qd6 34. Qf7# 1-0

[Event "Late-Titled-Tuesday-Blitz-February-06-2024"]
[Site "Chess.com"]
[Date "2024.02.06"]
[Round "9"]
[White "ChessFanNM"]
[Black "emeli_chess"]
[Result "1-0"]
[WhiteElo "2338"]
[BlackElo "2353"]
[TimeControl "180+1"]
[EndTime "15:43:26 PST"]
[Termination "ChessFanNM won by resignation"]

1. a3 e5 2. e4 Nc6 3. Nf3 Nf6 4. Nc3 Be7 5. Bb5 d6 6. h3 Bd7 7. O-O a6 8. Bxc6 Bxc6 9. d3 O-O 10. Ne2 b5 11. Kh1 Bb7 12. Nh2 d5 13. f3 c5 14.
Ng3 Re8 15. Nf5 Bf8 16. Qe1 Nh5 17. a4 c4 18. axb5 axb5 19. Rxa8 Bxa8 20. Bd2 h6 21. Ba5 Qf6 22. Ng4 Qg5 23. Bd2 Qd8 24. Ba5 Qd7 25. Qh4 Nf4 26. Nfxh6+ Kh7 27. Nxf7+ Kg6 28. Nfxe5+ 1-0

[Event "Late-Titled-Tuesday-Blitz-February-06-2024"]
[Site "Chess.com"]
[Date "2024.02.06"]
[Round "9"]
[White "stepanosinovsky"]
[Black "Tsschessulover"]
[Result "1-0"]
[WhiteElo "2398"]
[BlackElo "2569"]
[TimeControl "180+1"]
[EndTime "15:43:28 PST"]
[Termination "stepanosinovsky won by resignation"]

1. e4 e5 2. Nf3 Nf6 3. Nc3 Nc6 4.
Bb5 Bd6 5. O-O O-O 6. a3 h6 7. d3 Ne7 8. Ne2 c6 9. Ba4 Bc7 10. Ng3 d5 11. Qe2 Ng6 12. Nf5 Nf4 13. Bxf4 exf4 14. N5d4 dxe4 15. dxe4 Re8 16. Rad1 Rxe4 17.
Nxc6 Rxe2 18. Nxd8 Bxd8 19. Rxd8+ Kh7 20. Re1 Rxe1+ 21.
Nxe1 a6 22. c4 b5 23. cxb5 axb5 24. Bxb5 Ra5 25. Bd3+ Bf5 26. b4 Re5 27. Nf3 Rb5 28.
Bxb5 1-0

[Event "Late-Titled-Tuesday-Blitz-February-06-2024"]
[Site "Chess.com"]
[Date "2024.02.06"]
[Round "9"]
[White "Nouali_Mohamed"]
[Black "pr1105"]
[Result "1-0"]
[WhiteElo "2576"]
[BlackElo "2421"]
[TimeControl "180+1"]
[EndTime "15:43:34 PST"]
[Termination "Nouali_Mohamed won on time"]

1. e4 e5 2. Bc4 Nf6 3. Nc3 Nc6 4.
d3 Na5 5. Qf3 c6 6. Nge2 b5 7. Bb3 b4 8. Nd1 d5 9. Ne3 dxe4 10. dxe4 Ba6 11. Ng3 g6 12. Bd2 Be7 13.
h4 h5 14. O-O-O Qb6 15. Ngf5 gxf5 16. Nxf5 Nxb3+ 17. axb3 c5 18. Bg5 Bc8 19. Nxe7 Kxe7 20.
Rd5 Qe6 21. Rhd1 1-0

[Event "Late-Titled-Tuesday-Blitz-February-06-2024"]
[Site "Chess.com"]
[Date "2024.02.06"]
[Round "9"]
[White "GMBenjaminBok"]
[Black "Kosak12"]
[Result "1-0"]
[WhiteElo "2999"]
[BlackElo "2835"]
[TimeControl "180+1"]
[EndTime "15:43:38 PST"]
[Termination "GMBenjaminBok won by checkmate"]

1. d4 Nf6 2. c4 e6 3. Nc3 d5 4. cxd5 exd5 5. Bg5 Bb4 6. e3 h6 7. Bh4 g5 8. Bg3 Ne4 9. a3 Bxc3+ 10. bxc3 Nc6 11. Bd3 Bf5 12. Ne2 Qe7 13. Rb1 b6 14. Qa4 Bd7 15. Bb5 Na5 16. Bxc7 Rc8 17. f3 Rxc7 18. fxe4 Qxe4 19. Bxd7+ Rxd7 20. O-O Nc4 21. Ng3 Qe6 22. e4 Kd8 23. Rbe1 Re8 24. e5 Qe7 25. Nf5 Qxa3 26. Qc6 Re6 27. Qa8+ Kc7 28. Ng7 Ree7 29. Ra1 Qxc3 30. Rxa7# 1-0

[Event "Late-Titled-Tuesday-Blitz-February-06-2024"]
[Site "Chess.com"]
[Date "2024.02.06"]
[Round "9"]
[White "Witik"]
[Black "jsdbv18"]
[Result "1-0"]
[WhiteElo "2758"]
[BlackElo "2620"]
[TimeControl "180+1"]
[EndTime "15:43:38 PST"]
[Termination "Witik won by resignation"]

1. d4 Nf6 2. c4 e6 3. Nf3 d5 4. g3 Bb4+ 5. Bd2 Be7 6. Bg2 O-O 7. O-O Nbd7 8. Qc2 Ne4 9. Nc3 Nxd2 10. Nxd2 c6 11.
e4 dxe4 12. Ndxe4 f5 13. Nd2 e5 14. Nb3 exd4 15. Nxd4 Ne5 16. Rad1 Qc7 17. Rfe1 f4 18. Qe4 Ng6 19. Ne6 Bxe6 20. Qxe6+ Kh8 21. Ne4 fxg3 22. hxg3 Bb4 23. Re3 Rae8 24. Qh3 h6 25. Rd7 Qb6 26. Nf6 Re7 27. Rdxe7 Bxe7 28. Nd7 Qxb2 29. Nxf8 Bxf8 30. Qf5 Qf6 31. Qxf6 gxf6 32. Re8 Kg7 33. Rb8 Bc5 34. Rxb7+ Kf8 35. Bxc6 Ne5 36. Bd5 Ng4 37. Kg2 Nxf2 38. Rf7+ Ke8 39. Rxf6 h5 40. Rxf2 1-0

[Event "Late-Titled-Tuesday-Blitz-February-06-2024"]
[Site "Chess.com"]
[Date "2024.02.06"]
[Round "9"]
[White "abeljusto"]
[Black "katharinareinecke"]
[Result "1-0"]
[WhiteElo "2075"]
[BlackElo "1965"]
[TimeControl "180+1"]
[EndTime "15:43:38 PST"]
[Termination "abeljusto won by checkmate"]

1. d4 d5 2. Bf4 Nf6 3. e3 e6 4.
Nf3 Bd6 5. Bg3 O-O 6. Nbd2 c5 7. c3 Nc6 8. Bd3 cxd4 9. exd4 a6 10. Ne5 Bxe5 11.
dxe5 Nd7 12. Qh5 g6 13. Qe2 b5 14. a3 Bb7 15. O-O Na5 16. Nf3 Nc4 17. Rfe1 Nc5 18. Bh4 Qc7 19. Bf6 Nxd3 20. Qxd3 Nxb2 21. Qe3 d4 22.
Qh6 Bxf3 23. Qg7# 1-0

[Event "Late-Titled-Tuesday-Blitz-February-06-2024"]
[Site "Chess.com"]
[Date "2024.02.06"]
[Round "9"]
[White "NovakRatko"]
[Black "StellarChess"]
[Result "0-1"]
[WhiteElo "2397"]
[BlackElo "2567"]
[TimeControl "180+1"]
[EndTime "15:43:39 PST"]
[Termination "StellarChess won by checkmate"]

1. d4 g6 2. c4 Bg7 3. Nc3 d6 4. e4 Nc6 5. Be3 e5 6. Nge2 Nge7 7. d5 Nb8 8. f4 exf4 9. Bxf4 O-O 10. Qd2 Nd7 11.
Ng3 a5 12. Bd3 Nc5 13. Bc2 f5 14. exf5 Nxf5 15. Nxf5 Bxf5 16. Bxf5 Rxf5 17. O-O Qf6 18. Be3 Rf8 19. Rxf5 Qxf5 20. h3 Ne4 21. Nxe4 Qxe4 22.
Re1 Qxc4 23. Rc1 Qb5 24. Rxc7 Qf1+ 25. Kh2 Be5+ 26. g3 Bxg3+ 27. Kxg3 Rf3+ 28. Kg4 Qxh3+ 29. Kg5 Rf5# 0-1

[Event "Late-Titled-Tuesday-Blitz-February-06-2024"]
[Site "Chess.com"]
[Date "2024.02.06"]
[Round "9"]
[White "hakanazeri2"]
[Black "Seochesspie"]
[Result "1/2-1/2"]
[WhiteElo "2642"]
[BlackElo "2781"]
[TimeControl "180+1"]
[EndTime "15:43:43 PST"]
[Termination "Game drawn by repetition"]

1. Nf3 Nf6 2. c4 g6 3. Nc3 Bg7 4. e4 c5 5. d4 cxd4 6. Nxd4 Nc6 7. Be3 d6 8. Be2 O-O 9. O-O Nxd4 10. Bxd4 a5 11. Qd2 a4 12. f3 Qa5 13. Rfd1 Be6 14. Nb5 Rfc8 15. Qxa5 Rxa5 16. b4 axb3 17. axb3 Rca8 18.
Nc7 Rxa1 19. Rxa1 Rxa1+ 20. Bxa1 Nd7 21. Bxg7 Kxg7 22. Kf2 Nc5 23. b4 Na6 24. Nxa6 bxa6 25. Ke3 Kf8 26. Kd4 Ke8 27. c5 Bc8 28. Bc4 g5 29. g3 h6 30. f4 gxf4 31. gxf4 f6 32. e5 fxe5+ 33. fxe5 Kd7 34. Bd3 Kc6 35. Be4+ Kc7 36. h4 Bd7 37. Bd3 Bc8 38. Kd5 dxc5 39. Kxc5 Bb7 40. Bc4 Bc8 41. Bd5 Bd7 42. Be4 Bb5 43.
Bd5 Bf1 44. Bc6 Be2 45. Ba4 Bd3 46. Bb3 Be2 47. Bf7 Bf1 48. Bg6 Be2 49. Bf5 Bf1 50. Be6 Bb5 51. Bd5 Bf1 52. Bc6 Be2 53. Bd5 Bf1 1/2-1/2

[Event "Late-Titled-Tuesday-Blitz-February-06-2024"]
[Site "Chess.com"]
[Date "2024.02.06"]
[Round "9"]
[White "LikeWater"]
[Black "bazar-wokzal"]
[Result "1-0"]
[WhiteElo "2787"]
[BlackElo "2632"]
[TimeControl "180+1"]
[EndTime "15:43:46 PST"]
[Termination "LikeWater won by resignation"]

1. d4 Nf6 2. Nf3 e6 3. Bg5 h6 4. Bxf6 Qxf6 5. e4 g5 6. e5 Qg7 7. Nc3 Bb4 8. Qd3 d6 9. O-O-O Bxc3 10. Qxc3 Nc6 11. Bb5 O-O 12. Bxc6 bxc6 13. Qxc6 Rb8 14. Qxc7 Bb7 15. Qxd6 g4 16. Ne1 Rfc8 17. Qa3 Be4 18. Qe3 Qg6 19. Nd3 Bxg2 20. Rhg1 Bf3 21. Rd2 Rc4 22. h3 h5 23. hxg4 hxg4 24. Ne1 Bd5 25.
b3 Rcb4 26. f3 g3 27. Rdg2 Kf8 28. Rxg3 Qh7 29. Nd3 R4b6 30. Nc5 Ke7 31. Qg5+ Ke8 32. Qf6 1-0

[Event "Late-Titled-Tuesday-Blitz-February-06-2024"]
[Site "Chess.com"]
[Date "2024.02.06"]
[Round "9"]
[White "snowlord"]
[Black "ChessLover0108"]
[Result "0-1"]
[WhiteElo "2867"]
[BlackElo "3012"]
[TimeControl "180+1"]
[EndTime "15:43:47 PST"]
[Termination "ChessLover0108 won by resignation"]

1. Nf3 g6 2. e4 Bg7 3. d4 d6 4. Nc3 Nf6 5. Be3 O-O 6. Qd2 Nc6 7. d5 Nb8 8. Bh6 c6 9. h4 Bg4 10. Nh2 Bxh6 11. Qxh6 Qb6 12. Qd2 Qxb2 13. Rb1 Qa3 14. Nxg4 Nxg4 15. Be2 Nf6 16. h5 Nbd7 17. hxg6 fxg6 18. Rxb7 c5 19. g4 Rab8 20. Rb3 Rxb3 21. cxb3 Qb4 22. f3 Ne5 23. Nb5 Qxb5 24. f4 Nxe4 25.
Bxb5 Nf3+ 0-1

[Event "Late-Titled-Tuesday-Blitz-February-06-2024"]
[Site "Chess.com"]
[Date "2024.02.06"]
[Round "9"]
[White "ybothg"]
[Black "falzehope0"]
[Result "0-1"]
[WhiteElo "2506"]
[BlackElo "2371"]
[TimeControl "180+1"]
[EndTime "15:43:47 PST"]
[Termination "falzehope0 won by resignation"]

1. d4 e6 2. Bf4 d5 3. e3 Ne7 4.
Bd3 f5 5. h4 Ng6 6. Bg3 Be7 7.
h5 Nf8 8. c4 c6 9. Nc3 Nfd7 10. cxd5 cxd5 11. Nb5 Qa5+ 12. Kf1 Na6 13. Nd6+ Kf8 14. Rc1 Qd8 15. Nf3 Nb6 16. Nb5 Bd7 17. Nc7 Nxc7 18. Bxc7 Qe8 19. Ne5 Nc8 20. g4 Nd6 21.
gxf5 Nxf5 22. Qg4 Rc8 23. Kg2 Kg8 24. h6 g6 25. Kh3 Bf6 26. Qg2 Nxh6 27. Rhg1 Nf7 28.
Qg4 Kf8 29. Kg3 Rxc7 30. Rxc7 Nxe5 31. Be2 Nxg4 32. Bxg4 0-1

[Event "Late-Titled-Tuesday-Blitz-February-06-2024"]
[Site "Chess.com"]
[Date "2024.02.06"]
[Round "9"]
[White "Canal_Showdrez"]
[Black "IsaqueGoncalvesSanto"]
[Result "0-1"]
[WhiteElo "2024"]
[BlackElo "1932"]
[TimeControl "180+1"]
[EndTime "15:43:47 PST"]
[Termination "IsaqueGoncalvesSanto won by resignation"]

1. d4 d5 2. Nf3 Nf6 3. e3 Bf5 4.
c4 c6 5. Qb3 b6 6. cxd5 cxd5 7.
Nc3 e6 8. Bb5+ Nbd7 9. Ne5 Bd6 10. Nc6 Qc7 11. Bd2 a6 12. Ba4 b5 13. Nxb5 axb5 14. Bxb5 O-O 15. a4 Ne4 16. Ba5 Rxa5 17. Nxa5 Qxa5+ 18.
Ke2 Nb6 19. Rhd1 Nc4 20. Bxc4 dxc4 21. Qxc4 Rb8 22. f3 Rxb2+ 23. Kf1 Nd2+ 24. Rxd2 Rxd2 25. Qc8+ Bf8 26. Rc1 Bd3+ 27. Kg1 Qxa4 28. Qc3 Rc2 29. Ra1 Rxc3 30. Rxa4 h6 31. Kf2 Rc2+ 32. Kg3 Bf1 33. Kf4 Bxg2 34. e4 Rf2 35. d5 Rxf3+ 36.
Ke5 exd5 37. exd5 Re3+ 38. Kd4 Re4+ 0-1

[Event "Late-Titled-Tuesday-Blitz-February-06-2024"]
[Site "Chess.com"]
[Date "2024.02.06"]
[Round "9"]
[White "sergiochess83"]
[Black "Polish_fighter3000"]
[Result "0-1"]
[WhiteElo "2918"]
[BlackElo "3055"]
[TimeControl "180+1"]
[EndTime "15:43:48 PST"]
[Termination "Polish_fighter3000 won on time"]

1. e4 c5 2. Nf3 d6 3. Bb5+ Bd7 4. c4 g6 5. Nc3 Bg7 6. d4 cxd4 7. Nxd4 Nf6 8. O-O Nc6 9. Bxc6 bxc6 10. Re1 O-O 11. Bg5 h6 12. Bh4 Rb8 13. Qd2 g5 14. Bg3 Nh5 15. Nf5 Bxf5 16. exf5 Qd7 17. Qc2 Rfe8 18. Rad1 Bxc3 19. bxc3 c5 20. Qe4 Ng7 21.
f6 exf6 22. Qd5 Rxe1+ 23. Rxe1 Qe6 24. Qd1 Qxc4 25. Qxd6 Rb6 26. Qd8+ Kh7 27. Qc7 Qxc3 28. Rf1 Qc4 29. Qxa7 Ra6 30. Qe7 Kg6 31. h3 Rxa2 0-1

[Event "Late-Titled-Tuesday-Blitz-February-06-2024"]
[Site "Chess.com"]
[Date "2024.02.06"]
[Round "9"]
[White "LyonBeast"]
[Black "Hikaru"]
[Result "1-0"]
[WhiteElo "3175"]
[BlackElo "3319"]
[TimeControl "180+1"]
[EndTime "15:43:49 PST"]
[Termination "LyonBeast won by resignation"]

1. e4 e5 2. Nf3 Nc6 3. Bb5 Nf6 4. O-O Nxe4 5. d4 Nd6 6. Bxc6 dxc6 7. dxe5 Nf5 8.
Qxd8+ Kxd8 9. Nc3 Bd7 10. h3 h6 11. b3 Kc8 12. Bb2 a5 13. a4 b6 14. Rad1 Ne7 15.
Rfe1 Ng6 16. Ne2 c5 17. h4 Bg4 18. Nh2 Bxe2 19. Rxe2 Nf4 20. Re4 Ne6 21. Nf1 h5 22. g3 g6 23. Ree1 c4 24. bxc4 Kb7 25.
Ne3 Bc5 26. Nd5 Rad8 27. Nf4 Bb4 28. Nxe6 fxe6 29. c3 Be7 30. Bc1 Kc6 31. Be3 Bc5 32. Bd4 Rh7 33. Kg2 Rhd7 34. Re4 Kb7 35. Kf3 Bf8 36.
Rb1 Kc6 37. Rb5 Rf7+ 38. Ke2 Be7 39. Be3 Ra8 40. c5 Bd8 41. Rc4 Kb7 42. c6+ Ka6 43. Rd4 Rc8 44. c4 Rh7 45. c5 bxc5 46. Rd1 Be7 47. Rd7 Rg7 48. Bxc5 1-0

[Event "Late-Titled-Tuesday-Blitz-February-06-2024"]
[Site "Chess.com"]
[Date "2024.02.06"]
[Round "9"]
[White "TheoSlade"]
[Black "aleksanchess"]
[Result "0-1"]
[WhiteElo "2440"]
[BlackElo "2339"]
[TimeControl "180+1"]
[EndTime "15:43:49 PST"]
[Termination "aleksanchess won by checkmate"]

1. d4 d5 2. c4 e6 3. Nf3 c6 4. e3 Bd6 5. Qc2 f5 6. Bd3 Nf6 7.
O-O Ne4 8. Nc3 O-O 9. Ne5 Nd7 10.
Nxd7 Bxd7 11. f4 g5 12. g3 g4 13. Bxe4 fxe4 14. cxd5 cxd5 15. Qb3 Bc6 16. Bd2 h5 17. f5 h4 18. Kg2 Qg5 19. fxe6 Rf3 20. Ne2 Qh6 21.
Rh1 Raf8 22. Nf4 Bxf4 23. gxf4 R8xf4 24. exf4 Rxb3 25. axb3 Qxe6 26. Rxa7 e3 27. Ra8+ Kg7 28. Re1 Qe4+ 29. Kf1 exd2 30. Rxe4 d1=Q+ 31. Re1 Bb5+ 32. Kg1 Qxe1+ 33. Kg2 Qf1# 0-1

[Event "Late-Titled-Tuesday-Blitz-February-06-2024"]
[Site "Chess.com"]
[Date "2024.02.06"]
[Round "9"]
[White "edgarhay012"]
[Black "Arystanner"]
[Result "0-1"]
[WhiteElo "2589"]
[BlackElo "2851"]
[TimeControl "180+1"]
[EndTime "15:43:52 PST"]
[Termination "Arystanner won by resignation"]

1. e4 c5 2. Nc3 e6 3. Nf3 Nc6 4.
Bb5 Nd4 5. Bd3 Nc6 6. Bb5 Nd4 7. Bc4 Ne7 8. O-O Nec6 9. Nxd4 Nxd4 10. d3 Be7 11. Be3 O-O 12. Kh1 a6 13. a4 b6 14.
Bxd4 cxd4 15. Ne2 e5 16. f4 d6 17. fxe5 dxe5 18. Ng3 g6 19. Qf3 Kg7 20. Rae1 Ra7 21. Rf2 Bg5 22. Ref1 Be3 23. Re2 Bf4 24. Ref2 Qh4 25.
Nf5+ gxf5 26. g3 Bxg3 27. Qxg3+ Qxg3 28. hxg3 fxe4 29. dxe4 f6 30. g4 Bxg4 31. Rg1 h5 32.
Be6 Rc7 33. Rh2 Re7 34. Bf5 Kf7 35. Bxg4 hxg4 36. Rxg4 Ke6 37. Rg6 Ree8 38. Rhh6 Rc8 39. c3 dxc3 40. bxc3 Rxc3 41. Rg7 Rc4 42. Rhh7 Rxe4 43.
Re7+ Kd5 44. Rb7 Rb4 45. a5 bxa5 46. Ra7 Rb6 47. Rhf7 Rxf7 48. Rxf7 a4 49. Rb7 Rxb7 0-1

[Event "Late-Titled-Tuesday-Blitz-February-06-2024"]
[Site "Chess.com"]
[Date "2024.02.06"]
[Round "9"]
[White "kai_nov"]
[Black "RantomOpening"]
[Result "0-1"]
[WhiteElo "2304"]
[BlackElo "2498"]
[TimeControl "180+1"]
[EndTime "15:43:52 PST"]
[Termination "RantomOpening won on time"]

1. d4 d5 2. c4 e6 3. Nc3 Nf6 4.
cxd5 exd5 5. Bg5 c6 6. e3 Bd6 7.
Bd3 O-O 8. Nge2 Re8 9. h3 a5 10.
Qc2 h6 11. Bh4 Na6 12. a3 Nc7 13. O-O Ne6 14. Rad1 Bd7 15. f3 Ng5 16. e4 Nh5 17. Kh1 Be7 18. e5 Ne6 19. Bxe7 Qxe7 20. f4 Qh4 21. f5 Ng5 22. Kh2 c5 23. Nxd5 Bc6 24.
Bc4 b5 25. Ba2 c4 26. Ndf4 Be4 27. Qd2 Bxf5 28. Qe1 Qxe1 29. Rfxe1 Nxf4 30. Nxf4 Rad8 31. a4 Rb8 32. axb5 Rxb5 33. Bxc4 Rxb2 0-1

[Event "Late-Titled-Tuesday-Blitz-February-06-2024"]
[Site "Chess.com"]
[Date "2024.02.06"]
[Round "9"]
[White "Vladimir_Zakhartsov"]
[Black "Mikhail_Golubev"]
[Result "0-1"]
[WhiteElo "2823"]
[BlackElo "2686"]
[TimeControl "180+1"]
[EndTime "15:43:54 PST"]
[Termination "Mikhail_Golubev won on time"]

1. Nf3 d6 2. d4 Nf6 3. c4 g6 4.
g3 Bg7 5. Bg2 O-O 6. Nc3 Nbd7 7.
O-O e5 8. e4 Re8 9. Re1 exd4 10. Nxd4 c6 11. b3 Ng4 12. Bb2 Nc5 13. Re2 Ne5 14.
Rd2 Qf6 15. Nce2 Bg4 16. h3 Bf3 17. Nxf3 Nxf3+ 18. Kh1 Nxe4 19. Nf4 Nfxd2 20. Bxf6 Nxf2+ 21. Kg1 Nxd1 22. Bxg7 Re1+ 23. Kh2 Kxg7 24. Nd3 Rae8 25. Nxe1 Rxe1 26. a4 Nxb3 27. Rb1 Nd2 28. Rxb7 Re2 29. Kg1 d5 30. cxd5 Ne3 31. dxc6 Rxg2+ 32. Kh1 Nf3 0-1

[Event "Late-Titled-Tuesday-Blitz-February-06-2024"]
[Site "Chess.com"]
[Date "2024.02.06"]
[Round "9"]
[White "giomar27"]
[Black "ansko1999"]
[Result "0-1"]
[WhiteElo "2458"]
[BlackElo "2693"]
[TimeControl "180+1"]
[EndTime "15:43:54 PST"]
[Termination "ansko1999 won by resignation"]

1. Nc3 e5 2. Nf3 Nc6 3. d4 exd4 4. Nxd4 Bc5 5. Be3 Bxd4 6. Bxd4 Nxd4 7. Qxd4 Nf6 8. e4 d6 9. O-O-O Be6 10. f4 Qe7 11. e5 dxe5 12. fxe5 Nd7 13. Bd3 Qg5+ 14. Kb1 Qxe5 15. Qa4 O-O 16. Rhe1 Qf6 17. Ne4 Qh6 18.
h4 Nb6 19. Qa5 Bg4 20. Rc1 Qh5 21. Ng5 h6 22. Bh7+ Kh8 23. Rh1 f6 24. Qc3 fxg5 25. hxg5 Qxg5 26. Bd3 Nd5 27. Qd4 Nf4 28. Bc4 Rad8 29.
Qc3 Qf6 30. Qg3 Be2 31. Bb3 c5 32. Ba4 b5 33. Bb3 c4 34. Rh4 Nh5 35. Qh2 cxb3 36. cxb3 Bd3+ 37. Ka1 Nf4 38. Rh1 Kg8 39. Qg3 Ng6 40.
Rg4 Bf5 41. Rb4 Rd3 42. Qc7 Qd6 43. Qc1 Rc8 44. Qf1 Qxb4 45. Qf4 Qxf4 0-1